 Dungeon Sprint DCSS version 0.22-a0-181-gb22368a (console) character file.

70 removed the Fighter (level 4, -6/67 HPs)
             Began as a Gnoll Wanderer on Feb 14, 2018.
             Killed from afar by an orc wizard (7 damage)
             ... with a magic dart
             ... in the Dungeon (Sprint IX: "|||||||||||||||||||||||||||||").
             The game lasted 00:00:44 (112 turns).

removed the Fighter (Gnoll Wanderer)                 Turns: 112, Time: 00:00:45

Health: -6/67      AC:  2    Str: 18    XL:     4   Next: 21%
Magic:  3/7        EV: 13    Int: 16    God:
Gold:   0          SH:  0    Dex: 15    Spells: 7/7 levels left

rFire    . . .     SeeInvis .   a - +0 falchion
rCold    . . .     Gourm    .   (no shield)
rNeg     . . .     Faith    .   e - +0 robe
rPois    .         Spirit   .   (no helmet)
rElec    .         Reflect  .   (no cloak)
rCorr    .         Harm     .   (no gloves)
MR       .....     NoTele   +   (no boots)
Stlth    ..........             (no amulet)
HPRegen  0.21/turn              (no ring)
MPRegen  0.10/turn              (no ring)

@: berserking (expiring), very quick
A: distributed training, fangs 1, strong nose
a: no special abilities


You were in the Dungeon.
You were not hungry.

You visited 1 branch

Inventory:

Hand Weapons
 a - a +0 falchion (weapon)
 d - a +2 dagger
Armour
 e - a +0 robe (worn)
Scrolls
 b - a scroll of fear
 k - a scroll of blinking
Potions
 c - 2 potions of curing
 g - a potion of heal wounds
 h - a potion of haste
 i - 2 potions of magic
Comestibles
 f - a ration
 l - a chunk of flesh


   Skills:
 + Level 8.9 Fighting
 + Level 2.4 Short Blades
 + Level 5.2 Long Blades
 + Level 2.4 Axes
 + Level 2.4 Maces & Flails
 + Level 3.6 Polearms
 + Level 2.4 Staves
 + Level 2.4 Slings
 + Level 2.4 Bows
 + Level 2.4 Crossbows
 + Level 3.6 Throwing
 + Level 2.4 Armour
 + Level 2.4 Dodging
 + Level 4.9 Stealth
 + Level 2.4 Shields
 + Level 2.4 Unarmed Combat
 + Level 2.4 Spellcasting
 + Level 2.0 Conjurations
 + Level 2.0 Hexes
 + Level 2.0 Charms
 + Level 2.0 Summonings
 + Level 2.0 Necromancy
 + Level 2.0 Translocations
 + Level 2.0 Transmutations
 + Level 2.0 Fire Magic
 + Level 2.0 Ice Magic
 + Level 2.0 Air Magic
 + Level 2.0 Earth Magic
 + Level 2.0 Poison Magic
 + Level 2.7 Invocations
 + Level 2.4 Evocations


You had 7 spell levels left.
You didn't know any spells.

Dungeon Overview and Level Annotations

Branches:
Dungeon (1/1)

Altars:


Innate Abilities, Weirdness & Mutations

Your experience applies equally to all skills.
You have very sharp teeth.
Your uncanny sense of smell can sniff out nearby items.


Message History

You slash something!
Reactivating autopickup.
Your Conjurations skill increases to level 2!
Your Hexes skill increases to level 2!
Your Charms skill increases to level 2!
Your Summonings skill increases to level 2!
Your Necromancy skill increases to level 2!
Your Translocations skill increases to level 2!
Your Transmutations skill increases to level 2!
Your Fire Magic skill increases to level 2!
Your Ice Magic skill increases to level 2!
Your Air Magic skill increases to level 2!
Your Earth Magic skill increases to level 2!
Your Poison Magic skill increases to level 2!
You have reached level 4!
You feel agile.
You feel a bit more experienced.
A magic dart appears from out of thin air!
Deactivating autopickup; reactivate with Ctrl-A.
The magic dart hits you!
You die...

∆∆∆∆∆∆∆∆∆∆
▓▓▓▓▓▓▓▓▓▓▓▓▓▓▓▓▓▓
+..J.)@....)†...<▓
▓▓▓▓▓▓▓▓▓▓▓▓▓▓▓▓▓▓


You could see a jelly.

Vanquished Creatures
  A howler monkey (D)
  An orc wizard (D)
  An adder zombie (D)
  A dart slug (D)
  A frilled lizard (D)
  2 kobolds (D)
  A rat (D)
8 creatures vanquished.

Notes
Turn   | Place    | Note
-------+----------+-------------------------------------------
     0 | D        | removed the Gnoll Wanderer began the quest for the Orb.
     0 | D        | removed set off with: a +2 dagger, a scroll of fear, 2 potions of curing, a +0 falchion, a +0 robe, a ration, a potion of heal wounds, a potion of haste, 2 potions of magic, a potion of berserk rage, a scroll of blinking
     0 | D        | Reached XP level 1. HP: 26/26 MP: 1/1
    21 | D        | Reached skill level 1 in Invocations
    94 | D        | Noticed a jelly
    94 | D        | Noticed an orc wizard
    94 | D        | Noticed an orc wizard
    94 | D        | Noticed a howler monkey
   104 | D        | HP: 1/39 [howler monkey (1)]
   106 | D        | Killed a howler monkey
   106 | D        | Reached skill level 5 in Long Blades
   106 | D        | Reached skill level 1 in Conjurations
   106 | D        | Reached skill level 1 in Hexes
   106 | D        | Reached skill level 1 in Charms
   106 | D        | Reached skill level 1 in Summonings
   106 | D        | Reached skill level 1 in Necromancy
   106 | D        | Reached skill level 1 in Translocations
   106 | D        | Reached skill level 1 in Transmutations
   106 | D        | Reached skill level 1 in Fire Magic
   106 | D        | Reached skill level 1 in Ice Magic
   106 | D        | Reached skill level 1 in Air Magic
   106 | D        | Reached skill level 1 in Earth Magic
   106 | D        | Reached skill level 1 in Poison Magic
   106 | D        | Reached XP level 2. HP: 2/33 MP: 3/5
   106 | D        | Reached XP level 3. HP: 2/38 MP: 3/6
   110 | D        | HP: 1/57 [something (2)]
   112 | D        | Reached XP level 4. HP: 1/45 MP: 3/7
   112 | D        | Killed from afar by an orc wizard

Vault maps used:
D:        linesprint

Skill      XL: |  1  2  3 |
---------------+----------+-----
Invocations    | 2 |  2.7
Short Blades   | 2 |  2.4
Long Blades    | 5 |  5.2
Axes           | 2 |  2.4
Maces & Flails | 2 |  2.4
Polearms       | 3 |  3.6
Staves         | 2 |  2.4
Slings         | 2 |  2.4
Bows           | 2 |  2.4
Crossbows      | 2 |  2.4
Throwing       | 3 |  3.6
Armour         | 2 |  2.4
Dodging        | 2 |  2.4
Shields        | 2 |  2.4
Unarmed Combat | 2 |  2.4
Spellcasting   | 2 |  2.4
Conjurations   | 1 2 |  2.0
Hexes          | 1 2 |  2.0
Charms         | 1 2 |  2.0
Summonings     | 1 2 |  2.0
Necromancy     | 1 2 |  2.0
Translocations | 1 2 |  2.0
Transmutations | 1 2 |  2.0
Fire Magic     | 1 2 |  2.0
Ice Magic      | 1 2 |  2.0
Air Magic      | 1 2 |  2.0
Earth Magic    | 1 2 |  2.0
Poison Magic   | 1 2 |  2.0
Evocations     | 2 |  2.4
Fighting       | |  8.9
Stealth        | |  4.9

Action                   |  1- 3 |  4- 6 || total
-------------------------+-------+-------++-------
Melee: Falchion          |    30 |       ||    30
       Bite              |     1 |       ||     1
  Use: Potion            |     1 |       ||     1
Armor: Robe              |     1 |       ||     1
Dodge: Dodged            |     9 |       ||     9

Table legend:
 A = Spawn XP
 B = Non-spawn XP
 C = Spawn XP percentage of total XP
 D = Spawn monster count
 E = Non-spawn monster count
 F = Spawn count percentage of total count
 G = Total turns spent on level
                    A         B        C        D         E        F      G
               +---------+---------+-------+---------+---------+-------+---------
         Total |       0 |     100 |   0.0 |       0 |       8 |   0.0 |   112
               +---------+---------+-------+---------+---------+-------+---------
             D |       0 |     100 |   0.0 |       0 |       8 |   0.0 |   112
               +---------+---------+-------+---------+---------+-------+---------
